[ AOE2 MATCH · #479698466 ]
UnrankedBurmese vs Japanese
[ REPLAY ANALYSIS · EXTRACTED FROM THE RECORDED GAME ]
Feudal
9:26
Castle
22:24
Imperial
40:36
| APM avg | 32.8 |
| APM peak | 80 |
| eAPM avg | 13.1 |
| Villagers / military | 100 / 119 |
Focus
⚔️ 27.0% · 🌾 73.0%
Knight ×114 · Scout Cavalry ×3 · Spearman ×2
Feudal
9:48
Castle
24:15
Imperial
41:53
| APM avg | 41.3 |
| APM peak | 80 |
| eAPM avg | 18.6 |
| Villagers / military | 120 / 127 |
Focus
⚔️ 35.1% · 🌾 64.9%
Cavalry Archer ×105 · Archer ×17 · Trebuchet (Packed) ×3 · Monk ×1 · Spearman ×1
Feudal
8:56
Castle
19:23
Imperial
39:34
| APM avg | 53.6 |
| APM peak | 91 |
| eAPM avg | 22.0 |
| Villagers / military | 159 / 87 |
Focus
⚔️ 31.9% · 🌾 68.1%
Cavalry Archer ×72 · Samurai ×10 · Scout Cavalry ×2 · Archer ×1 · Spearman ×1 · Trebuchet (Packed) ×1
Feudal
10:13
Castle
27:00
Imperial
—
| APM avg | 37.4 |
| APM peak | 83 |
| eAPM avg | 13.0 |
| Villagers / military | 87 / 62 |
Focus
⚔️ 20.8% · 🌾 79.2%
Camel Scout ×42 · Scout Cavalry ×17 · Spearman ×2 · Militia ×1
Feudal
9:17
Castle
28:01
Imperial
—
| APM avg | 40.3 |
| APM peak | 71 |
| eAPM avg | 18.9 |
| Villagers / military | 99 / 124 |
Focus
⚔️ 30.1% · 🌾 69.9%
Skirmisher ×57 · Spearman ×35 · Archer ×32
Feudal
9:58
Castle
24:30
Imperial
38:21
| APM avg | 42.1 |
| APM peak | 96 |
| eAPM avg | 17.5 |
| Villagers / military | 102 / 175 |
Focus
⚔️ 36.8% · 🌾 63.2%
Skirmisher ×68 · Archer ×56 · Gbeto ×43 · Trebuchet (Packed) ×4 · Spearman ×2 · Hand Cannoneer ×2
Feudal
9:26
Castle
24:03
Imperial
—
| APM avg | 45.7 |
| APM peak | 108 |
| eAPM avg | 15.0 |
| Villagers / military | 94 / 143 |
Focus
⚔️ 22.8% · 🌾 77.2%
Knight ×132 · Scout Cavalry ×11
Feudal
10:00
Castle
27:41
Imperial
41:35
| APM avg | 37.1 |
| APM peak | 73 |
| eAPM avg | 17.8 |
| Villagers / military | 74 / 75 |
Focus
⚔️ 25.0% · 🌾 75.0%
Archer ×67 · Spearman ×5 · Mangonel ×3
Match map
Initial resources + every placement click. Lines = walls · curves = elevation contours. ◆ gold · ⬟ stone · ● berries · ✦ relic · ◌ wall gap
Your base· ✓ Closed at 22:24 · 41t walls · 3 gate(s)
GdR_Zasha's base· ✓ Closed at 24:15 · 74t walls · 1 gate(s)
GdR_HaLo's base· ✓ Closed at 19:23 · 34t walls · no gate
Ohan's base· ✓ Closed at 27:00 · 39t walls · 2 gate(s)
AKINCILAR's base· ✓ Closed at 28:01 · 36t walls · 4 gate(s)
GdR_KadirHan's base· ✓ Closed at 24:30 · 37t walls · no gate
GdR_GuVo's base· ✓ Closed at 24:03 · 30t walls · 1 gate(s)
T&T's base· Open — 8t gap
Smoothed initial terrain · ◌ = detected wall gap · hover for details
Inputs per minute
— GdR_Bozadam - - GdR_Zasha
Build order — GdR_Bozadam
First 150 of 273 actions detected
| 0:00 | Create | Villager (Male) |
| 0:01 | Create | Villager (Male) |
| 0:01 | Create | Villager (Male) |
| 0:01 | Create | Villager (Male) |
| 0:02 | Create | Villager (Male) |
| 0:04 | Build | House |
| 0:06 | Build | House |
| 1:31 | Create | Villager (Male) |
| 2:03 | Create | Villager (Male) |
| 2:09 | Build | Lumber Camp |
| 2:46 | Create | Villager (Male) |
| 2:58 | Create | Villager (Male) |
| 3:12 | Create | Villager (Male) |
| 3:59 | Build | House |
| 4:08 | Create | Villager (Male) |
| 4:25 | Build | Mill |
| 4:34 | Create | Villager (Male) |
| 4:34 | Create | Villager (Male) |
| 4:55 | Create | Villager (Male) |
| 4:55 | Create | Villager (Male) |
| 5:10 | Create | Villager (Male) |
| 5:10 | Create | Villager (Male) |
| 6:20 | Research | Loom |
| 7:16 | Research | Feudal Age |
| 8:16 | Build | House |
| 8:22 | Build | Barracks |
| 8:44 | Build | Palisade Wall |
| 8:55 | Create | Villager (Male) |
| 9:26 | Age | Feudal Age |
| 9:44 | Build | Stable |
| 9:57 | Build | Palisade Wall |
| 10:02 | Create | Villager (Male) |
| 10:12 | Research | Horse Collar |
| 10:15 | Create | Villager (Male) |
| 10:27 | Build | House |
| 10:29 | Create | Scout Cavalry |
| 10:30 | Create | Scout Cavalry |
| 10:35 | Create | Villager (Male) |
| 10:45 | Build | Farm |
| 10:50 | Create | Villager (Male) |
| 11:05 | Build | Farm |
| 11:07 | Create | Villager (Male) |
| 11:07 | Create | Villager (Male) |
| 11:15 | Build | Palisade Gate |
| 11:19 | Build | Palisade Wall |
| 11:27 | Build | Farm |
| 11:34 | Build | House |
| 11:45 | Build | House |
| 11:46 | Create | Villager (Male) |
| 11:49 | Build | Farm |
| 12:07 | Create | Villager (Male) |
| 12:11 | Build | Farm |
| 12:14 | Build | Farm |
| 12:30 | Build | Farm |
| 12:31 | Create | Villager (Male) |
| 12:31 | Create | Villager (Male) |
| 12:34 | Build | Farm |
| 12:51 | Create | Villager (Male) |
| 12:57 | Build | Farm |
| 13:07 | Build | Palisade Wall |
| 13:12 | Build | House |
| 13:19 | Build | Palisade Wall |
| 13:23 | Create | Villager (Male) |
| 13:29 | Build | Farm |
| 13:31 | Create | Villager (Male) |
| 13:35 | Build | Farm |
| 13:40 | Build | Farm |
| 13:57 | Build | House |
| 14:04 | Create | Spearman |
| 14:04 | Create | Spearman |
| 14:26 | Create | Scout Cavalry |
| 14:31 | Build | Palisade Gate |
| 14:34 | Build | Palisade Gate |
| 15:12 | Build | House |
| 15:18 | Build | Farm |
| 15:41 | Build | Lumber Camp |
| 15:50 | Create | Villager (Male) |
| 15:50 | Create | Villager (Male) |
| 16:08 | Build | Blacksmith |
| 16:13 | Create | Villager (Male) |
| 16:13 | Create | Villager (Male) |
| 16:28 | Build | Mining Camp |
| 16:37 | Create | Villager (Male) |
| 16:50 | Create | Villager (Male) |
| 17:17 | Build | Market |
| 17:20 | Build | Farm |
| 17:25 | Create | Villager (Male) |
| 18:13 | Build | Farm |
| 18:15 | Build | Farm |
| 18:25 | Create | Villager (Male) |
| 18:30 | Build | Farm |
| 18:36 | Build | Farm |
| 18:39 | Build | Farm |
| 19:16 | Build | Farm |
| 19:19 | Build | Farm |
| 19:21 | Build | Farm |
| 19:28 | Build | Farm |
| 19:44 | Research | Castle Age |
| 19:50 | Research | Gold Mining |
| 21:01 | Build | Stable |
| 21:04 | Research | Bloodlines |
| 21:07 | Research | Scale Barding Armor |
| 21:08 | Research | Forging |
| 21:25 | Research | Wheelbarrow |
| 21:47 | Create | Villager (Male) |
| 22:02 | Build | House |
| 22:03 | Build | House |
| 22:11 | Build | Stable |
| 22:24 | Age | Castle Age |
| 22:29 | Create | Knight |
| 22:29 | Create | Knight |
| 22:29 | Create | Knight |
| 22:29 | Create | Knight |
| 22:32 | Create | Villager (Male) |
| 23:08 | Research | Husbandry |
| 23:09 | Create | Knight |
| 23:09 | Create | Knight |
| 23:10 | Create | Villager (Male) |
| 23:10 | Create | Villager (Male) |
| 23:20 | Research | Heavy Plow |
| 23:44 | Research | Chain Barding Armor |
| 24:20 | Build | House |
| 24:21 | Build | House |
| 24:21 | Create | Villager (Male) |
| 24:21 | Create | Villager (Male) |
| 24:22 | Create | Villager (Male) |
| 24:25 | Create | Knight |
| 24:25 | Create | Knight |
| 24:54 | Research | Iron Casting |
| 25:33 | Create | Knight |
| 25:50 | Create | Knight |
| 25:50 | Create | Knight |
| 25:51 | Create | Villager (Male) |
| 25:51 | Create | Villager (Male) |
| 25:56 | Build | House |
| 25:56 | Build | House |
| 26:27 | Create | Knight |
| 26:28 | Create | Knight |
| 26:40 | Create | Knight |
| 26:41 | Create | Villager (Male) |
| 26:41 | Create | Villager (Male) |
| 26:54 | Build | Town Center |
| 27:01 | Build | House |
| 27:02 | Build | House |
| 27:02 | Build | House |
| 27:03 | Build | House |
| 27:35 | Build | Mining Camp |
| 27:40 | Create | Villager (Male) |
| 27:40 | Create | Villager (Male) |
| 27:41 | Create | Villager (Male) |
Build order — GdR_Zasha
First 150 of 417 actions detected
| 0:00 | Create | Villager (Male) |
| 0:00 | Create | Villager (Male) |
| 0:02 | Build | House |
| 0:03 | Build | House |
| 0:24 | Create | Villager (Male) |
| 0:24 | Create | Villager (Male) |
| 1:25 | Create | Villager (Male) |
| 1:52 | Build | Lumber Camp |
| 1:54 | Create | Villager (Male) |
| 2:20 | Create | Villager (Male) |
| 2:48 | Create | Villager (Male) |
| 2:59 | Create | Villager (Male) |
| 3:24 | Build | House |
| 3:38 | Create | Villager (Male) |
| 3:59 | Create | Villager (Male) |
| 4:01 | Build | House |
| 4:43 | Create | Villager (Male) |
| 4:44 | Create | Villager (Male) |
| 4:48 | Create | Villager (Male) |
| 5:25 | Create | Villager (Male) |
| 5:25 | Create | Villager (Male) |
| 6:04 | Build | Mining Camp |
| 6:23 | Create | Villager (Male) |
| 6:32 | Create | Villager (Male) |
| 6:48 | Research | Loom |
| 6:59 | Build | Mill |
| 7:29 | Research | Feudal Age |
| 7:35 | Build | Palisade Wall |
| 7:38 | Build | Palisade Wall |
| 7:49 | Build | Palisade Wall |
| 7:50 | Build | House |
| 7:52 | Build | Palisade Wall |
| 8:26 | Build | Barracks |
| 9:06 | Build | Palisade Wall |
| 9:17 | Build | Palisade Wall |
| 9:18 | Build | House |
| 9:34 | Build | Palisade Wall |
| 9:48 | Age | Feudal Age |
| 9:50 | Create | Villager (Male) |
| 9:52 | Build | Archery Range |
| 10:11 | Research | Double-Bit Axe |
| 10:22 | Create | Villager (Male) |
| 10:24 | Create | Villager (Male) |
| 10:27 | Build | Palisade Wall |
| 10:34 | Build | Palisade Wall |
| 10:36 | Create | Spearman |
| 10:37 | Create | Villager (Male) |
| 10:43 | Create | Villager (Male) |
| 10:54 | Build | Archery Range |
| 11:16 | Build | Palisade Wall |
| 11:17 | Create | Villager (Male) |
| 11:22 | Create | Archer |
| 11:26 | Create | Villager (Male) |
| 11:46 | Create | Archer |
| 11:51 | Create | Archer |
| 11:59 | Research | Horse Collar |
| 12:02 | Build | Farm |
| 12:03 | Build | Farm |
| 12:12 | Build | Palisade Wall |
| 12:32 | Build | House |
| 12:35 | Create | Archer |
| 12:36 | Create | Villager (Male) |
| 12:45 | Build | Farm |
| 12:53 | Build | Farm |
| 12:58 | Create | Archer |
| 13:06 | Build | House |
| 13:09 | Create | Villager (Male) |
| 13:14 | Create | Archer |
| 13:31 | Create | Archer |
| 13:33 | Create | Villager (Male) |
| 13:37 | Build | Farm |
| 13:44 | Create | Archer |
| 13:46 | Create | Villager (Male) |
| 13:57 | Build | Farm |
| 14:11 | Create | Villager (Male) |
| 14:14 | Build | House |
| 14:18 | Create | Archer |
| 14:19 | Create | Archer |
| 14:29 | Build | Blacksmith |
| 14:33 | Create | Villager (Male) |
| 14:35 | Create | Archer |
| 14:50 | Create | Archer |
| 14:58 | Create | Villager (Male) |
| 15:02 | Create | Archer |
| 15:06 | Build | Farm |
| 15:16 | Build | House |
| 15:29 | Research | Fletching |
| 15:31 | Create | Villager (Male) |
| 15:33 | Build | Farm |
| 15:54 | Create | Archer |
| 16:13 | Create | Archer |
| 16:26 | Build | Watch Tower |
| 16:48 | Build | House |
| 16:51 | Build | House |
| 16:53 | Build | House |
| 16:59 | Build | House |
| 17:25 | Create | Villager (Male) |
| 17:26 | Create | Villager (Male) |
| 17:26 | Create | Villager (Male) |
| 17:37 | Build | Lumber Camp |
| 17:45 | Create | Villager (Male) |
| 17:54 | Build | House |
| 18:12 | Build | Palisade Gate |
| 18:17 | Create | Villager (Male) |
| 18:21 | Create | Villager (Male) |
| 18:40 | Create | Villager (Male) |
| 18:42 | Build | Farm |
| 18:48 | Create | Archer |
| 18:48 | Create | Archer |
| 18:49 | Create | Villager (Male) |
| 19:05 | Build | Farm |
| 19:08 | Build | Farm |
| 19:09 | Build | Farm |
| 19:16 | Research | Padded Archer Armor |
| 19:33 | Build | Farm |
| 19:39 | Build | Farm |
| 20:01 | Build | Farm |
| 20:03 | Build | Farm |
| 20:26 | Create | Villager (Male) |
| 21:04 | Create | Villager (Male) |
| 21:12 | Create | Villager (Male) |
| 21:33 | Research | Castle Age |
| 21:49 | Research | Gold Mining |
| 22:01 | Build | Archery Range |
| 22:31 | Build | Mining Camp |
| 23:06 | Build | Stable |
| 24:15 | Create | Villager (Male) |
| 24:15 | Create | Villager (Male) |
| 24:15 | Age | Castle Age |
| 24:17 | Research | Bow Saw |
| 24:23 | Create | Cavalry Archer |
| 24:23 | Create | Cavalry Archer |
| 24:24 | Create | Cavalry Archer |
| 24:25 | Research | Bloodlines |
| 24:26 | Research | Husbandry |
| 24:28 | Research | Bodkin Arrow |
| 24:32 | Build | University |
| 24:35 | Build | Town Center |
| 24:40 | Create | Cavalry Archer |
| 24:44 | Research | Leather Archer Armor |
| 24:54 | Create | Cavalry Archer |
| 25:14 | Create | Villager (Male) |
| 25:32 | Research | Ballistics |
| 25:34 | Create | Villager (Male) |
| 25:52 | Create | Cavalry Archer |
| 25:53 | Create | Cavalry Archer |
| 25:56 | Create | Cavalry Archer |
| 25:57 | Create | Villager (Male) |
| 25:57 | Create | Villager (Male) |
| 26:12 | Create | Villager (Male) |
Build order — GdR_HaLo
First 150 of 385 actions detected
| 0:01 | Create | Villager (Male) |
| 0:01 | Create | Villager (Male) |
| 0:01 | Create | Villager (Male) |
| 0:02 | Create | Villager (Male) |
| 0:04 | Build | House |
| 0:05 | Build | House |
| 1:25 | Create | Villager (Male) |
| 1:58 | Build | Lumber Camp |
| 2:06 | Create | Villager (Male) |
| 2:17 | Create | Villager (Male) |
| 2:50 | Create | Villager (Male) |
| 3:11 | Create | Villager (Male) |
| 3:31 | Create | Villager (Male) |
| 3:50 | Build | House |
| 4:02 | Create | Villager (Male) |
| 4:02 | Create | Villager (Male) |
| 4:42 | Build | Mill |
| 4:48 | Create | Villager (Male) |
| 5:23 | Create | Villager (Male) |
| 5:24 | Create | Villager (Male) |
| 5:24 | Create | Villager (Male) |
| 5:24 | Create | Villager (Male) |
| 5:56 | Research | Loom |
| 6:46 | Research | Feudal Age |
| 7:29 | Build | Barracks |
| 7:30 | Build | House |
| 7:37 | Build | Palisade Wall |
| 7:39 | Build | Palisade Wall |
| 7:57 | Build | Palisade Wall |
| 8:21 | Create | Villager (Male) |
| 8:56 | Age | Feudal Age |
| 8:58 | Create | Villager (Male) |
| 9:04 | Build | Stable |
| 9:09 | Research | Double-Bit Axe |
| 9:11 | Research | Horse Collar |
| 9:12 | Create | Villager (Male) |
| 9:18 | Build | House |
| 9:20 | Build | House |
| 9:21 | Build | Palisade Wall |
| 9:26 | Create | Villager (Male) |
| 9:42 | Build | Farm |
| 9:48 | Create | Villager (Male) |
| 10:06 | Create | Villager (Male) |
| 10:14 | Create | Villager (Male) |
| 10:20 | Build | Farm |
| 10:22 | Build | Farm |
| 10:27 | Create | Scout Cavalry |
| 10:27 | Create | Scout Cavalry |
| 10:54 | Create | Villager (Male) |
| 10:57 | Build | House |
| 11:04 | Build | Farm |
| 11:13 | Build | Farm |
| 11:15 | Build | Farm |
| 11:18 | Build | Farm |
| 11:18 | Create | Villager (Male) |
| 11:34 | Create | Villager (Male) |
| 11:43 | Build | House |
| 11:46 | Build | Palisade Wall |
| 11:57 | Create | Villager (Male) |
| 12:00 | Build | Farm |
| 12:02 | Build | Farm |
| 12:26 | Build | House |
| 12:30 | Build | Palisade Wall |
| 12:37 | Build | Farm |
| 12:39 | Build | Farm |
| 12:44 | Create | Villager (Male) |
| 12:44 | Create | Villager (Male) |
| 12:54 | Create | Villager (Male) |
| 13:16 | Create | Spearman |
| 13:23 | Create | Villager (Male) |
| 13:26 | Build | Farm |
| 13:30 | Build | Palisade Wall |
| 13:40 | Build | Mining Camp |
| 14:00 | Create | Villager (Male) |
| 14:14 | Build | Farm |
| 14:17 | Build | Farm |
| 14:18 | Build | Farm |
| 14:51 | Build | House |
| 14:56 | Create | Villager (Male) |
| 15:16 | Create | Villager (Male) |
| 15:37 | Build | Palisade Wall |
| 15:43 | Create | Villager (Male) |
| 15:48 | Build | Archery Range |
| 15:50 | Build | Archery Range |
| 16:08 | Build | House |
| 16:43 | Research | Castle Age |
| 16:48 | Build | Blacksmith |
| 16:58 | Research | Gold Mining |
| 16:58 | Research | Gold Mining |
| 17:55 | Build | House |
| 17:56 | Research | Fletching |
| 18:22 | Create | Villager (Male) |
| 18:32 | Build | Lumber Camp |
| 18:57 | Create | Villager (Male) |
| 19:03 | Research | Padded Archer Armor |
| 19:10 | Research | Bloodlines |
| 19:23 | Age | Castle Age |
| 19:26 | Create | Cavalry Archer |
| 19:26 | Create | Cavalry Archer |
| 19:29 | Research | Bodkin Arrow |
| 19:29 | Create | Villager (Male) |
| 19:32 | Create | Villager (Male) |
| 19:35 | Build | Town Center |
| 19:40 | Create | Villager (Male) |
| 19:47 | Create | Cavalry Archer |
| 19:48 | Create | Cavalry Archer |
| 19:57 | Create | Villager (Male) |
| 20:37 | Create | Villager (Male) |
| 20:40 | Create | Cavalry Archer |
| 20:42 | Research | Bow Saw |
| 20:43 | Create | Villager (Male) |
| 20:47 | Build | Lumber Camp |
| 21:08 | Create | Villager (Male) |
| 21:14 | Create | Cavalry Archer |
| 21:16 | Create | Villager (Male) |
| 21:20 | Create | Villager (Male) |
| 21:24 | Create | Villager (Male) |
| 21:37 | Build | University |
| 21:38 | Create | Villager (Male) |
| 21:43 | Create | Cavalry Archer |
| 21:43 | Create | Cavalry Archer |
| 21:45 | Create | Villager (Male) |
| 21:51 | Build | House |
| 21:52 | Build | House |
| 22:16 | Research | Husbandry |
| 22:22 | Build | House |
| 22:23 | Build | House |
| 22:25 | Create | Cavalry Archer |
| 22:38 | Create | Villager (Male) |
| 22:40 | Build | Market |
| 22:52 | Build | House |
| 22:55 | Create | Villager (Male) |
| 23:03 | Create | Villager (Male) |
| 23:10 | Create | Cavalry Archer |
| 23:15 | Create | Villager (Male) |
| 23:17 | Build | Farm |
| 23:17 | Build | Farm |
| 23:18 | Build | Farm |
| 23:18 | Build | Farm |
| 23:47 | Create | Villager (Male) |
| 23:49 | Create | Cavalry Archer |
| 24:01 | Create | Villager (Male) |
| 24:13 | Create | Villager (Male) |
| 24:13 | Create | Villager (Male) |
| 24:21 | Research | Ballistics |
| 24:22 | Create | Villager (Male) |
| 24:27 | Create | Cavalry Archer |
| 24:27 | Create | Cavalry Archer |
| 24:27 | Create | Cavalry Archer |
| 24:29 | Create | Villager (Male) |
Build order — Ohan
First 150 of 217 actions detected
| 0:01 | Create | Villager (Male) |
| 0:01 | Create | Villager (Male) |
| 0:04 | Build | House |
| 0:05 | Build | House |
| 0:34 | Create | Villager (Male) |
| 0:34 | Create | Villager (Male) |
| 1:32 | Create | Villager (Male) |
| 2:21 | Create | Villager (Male) |
| 2:22 | Create | Villager (Male) |
| 2:22 | Create | Villager (Male) |
| 2:54 | Create | Villager (Male) |
| 3:13 | Create | Villager (Male) |
| 3:19 | Build | Lumber Camp |
| 3:33 | Build | House |
| 3:41 | Create | Villager (Male) |
| 3:41 | Create | Villager (Male) |
| 4:41 | Create | Villager (Male) |
| 5:16 | Research | Loom |
| 5:57 | Create | Villager (Male) |
| 5:57 | Create | Villager (Male) |
| 5:57 | Create | Villager (Male) |
| 5:58 | Create | Villager (Male) |
| 5:58 | Create | Villager (Male) |
| 5:58 | Create | Villager (Male) |
| 5:59 | Create | Villager (Male) |
| 6:27 | Build | Mill |
| 6:40 | Create | Villager (Male) |
| 8:03 | Research | Feudal Age |
| 8:18 | Build | House |
| 8:21 | Build | Barracks |
| 8:47 | Build | Palisade Wall |
| 8:56 | Create | Villager (Male) |
| 9:16 | Build | Farm |
| 9:51 | Build | House |
| 10:02 | Build | Farm |
| 10:13 | Age | Feudal Age |
| 10:17 | Build | Stable |
| 10:22 | Build | Farm |
| 10:27 | Create | Villager (Male) |
| 10:44 | Build | Palisade Wall |
| 10:54 | Build | Farm |
| 10:58 | Build | Farm |
| 11:02 | Create | Scout Cavalry ×3 |
| 11:21 | Create | Villager (Male) |
| 11:24 | Create | Villager (Male) |
| 11:29 | Build | Farm |
| 11:33 | Build | Farm |
| 11:53 | Build | House |
| 12:01 | Create | Villager (Male) |
| 12:08 | Build | Farm |
| 12:17 | Build | Palisade Wall |
| 12:29 | Create | Villager (Male) |
| 12:37 | Build | Farm |
| 12:41 | Create | Scout Cavalry |
| 12:57 | Create | Villager (Male) ×2 |
| 13:28 | Create | Scout Cavalry |
| 13:34 | Build | Blacksmith |
| 13:38 | Build | House |
| 13:43 | Create | Villager (Male) |
| 13:50 | Build | Palisade Wall |
| 13:54 | Create | Villager (Male) |
| 14:07 | Create | Scout Cavalry |
| 14:21 | Build | Mining Camp |
| 14:24 | Create | Villager (Male) |
| 14:55 | Research | Double-Bit Axe |
| 15:06 | Build | House |
| 15:11 | Build | Palisade Wall |
| 15:13 | Create | Villager (Male) |
| 15:13 | Create | Villager (Male) |
| 16:03 | Research | Scale Barding Armor |
| 16:11 | Build | House |
| 16:15 | Build | House |
| 16:18 | Create | Villager (Male) |
| 16:25 | Build | Palisade Gate |
| 17:28 | Research | Forging |
| 17:32 | Research | Bloodlines |
| 17:41 | Create | Scout Cavalry |
| 18:03 | Build | Stable |
| 18:08 | Build | House |
| 18:18 | Build | Farm |
| 18:21 | Create | Villager (Male) |
| 18:22 | Create | Villager (Male) |
| 18:22 | Create | Villager (Male) |
| 18:22 | Create | Villager (Male) |
| 18:29 | Build | Farm |
| 18:29 | Build | Farm |
| 18:29 | Build | Farm |
| 18:29 | Build | Farm |
| 18:30 | Build | Farm |
| 18:30 | Build | Farm |
| 18:30 | Build | Farm |
| 18:30 | Build | Farm |
| 19:12 | Build | House |
| 19:24 | Create | Scout Cavalry |
| 19:30 | Build | Farm |
| 19:32 | Create | Scout Cavalry |
| 19:38 | Build | Farm |
| 19:55 | Build | Palisade Gate |
| 19:57 | Build | House |
| 20:13 | Create | Spearman |
| 20:14 | Create | Militia |
| 20:15 | Create | Spearman |
| 20:22 | Build | House |
| 20:31 | Build | Watch Tower |
| 21:13 | Create | Scout Cavalry |
| 21:14 | Create | Scout Cavalry |
| 21:18 | Create | Scout Cavalry |
| 21:37 | Create | Villager (Male) ×5 |
| 21:54 | Build | Farm |
| 21:59 | Create | Scout Cavalry ×2 |
| 22:12 | Build | House |
| 22:17 | Build | House |
| 22:46 | Build | Farm |
| 22:53 | Build | House |
| 22:54 | Build | House |
| 22:55 | Build | House |
| 23:06 | Build | Farm |
| 23:16 | Build | House |
| 23:19 | Build | House |
| 23:24 | Build | Farm |
| 23:51 | Build | Market |
| 23:59 | Build | Palisade Wall |
| 24:05 | Build | Farm |
| 24:21 | Research | Castle Age |
| 24:26 | Create | Scout Cavalry |
| 24:38 | Build | House |
| 24:40 | Build | House |
| 24:51 | Build | House |
| 25:08 | Build | Farm |
| 25:09 | Build | Farm |
| 25:34 | Build | House |
| 25:35 | Build | House |
| 25:40 | Create | Villager (Male) |
| 25:41 | Create | Villager (Male) |
| 25:43 | Research | Gold Mining |
| 25:52 | Create | Scout Cavalry |
| 25:55 | Create | Scout Cavalry |
| 26:05 | Build | Farm |
| 26:16 | Research | Horse Collar |
| 26:50 | Create | Villager (Male) |
| 27:00 | Age | Castle Age |
| 27:02 | Research | Chain Barding Armor |
| 27:06 | Create | Camel Scout ×5 |
| 28:10 | Research | Iron Casting |
| 28:14 | Create | Camel Scout ×4 |
| 28:33 | Create | Camel Scout |
| 28:59 | Research | Husbandry |
| 29:02 | Create | Villager (Male) |
| 29:02 | Create | Villager (Male) |
| 29:03 | Create | Villager (Male) |
Build order — AKINCILAR
First 150 of 354 actions detected
| 0:00 | Create | Villager (Male) |
| 0:01 | Create | Villager (Male) |
| 0:03 | Build | House |
| 0:04 | Build | House |
| 0:13 | Create | Villager (Male) |
| 0:22 | Create | Villager (Male) |
| 1:24 | Build | Lumber Camp |
| 1:24 | Create | Villager (Male) |
| 2:11 | Create | Villager (Male) |
| 2:27 | Create | Villager (Male) |
| 2:51 | Create | Villager (Male) |
| 3:28 | Create | Villager (Male) |
| 3:37 | Build | House |
| 3:54 | Create | Villager (Male) |
| 4:03 | Create | Villager (Male) |
| 4:35 | Create | Villager (Male) |
| 4:35 | Create | Villager (Male) |
| 4:42 | Create | Villager (Male) |
| 5:16 | Build | Mining Camp |
| 5:47 | Create | Villager (Male) |
| 6:05 | Research | Loom |
| 7:07 | Research | Feudal Age |
| 7:57 | Build | Barracks |
| 8:04 | Build | Barracks |
| 8:27 | Build | Palisade Wall |
| 8:35 | Build | House |
| 8:41 | Create | Villager (Male) |
| 8:41 | Create | Villager (Male) |
| 8:48 | Build | Palisade Gate |
| 9:11 | Create | Villager (Male) |
| 9:11 | Create | Villager (Male) |
| 9:17 | Age | Feudal Age |
| 9:20 | Build | Archery Range |
| 9:48 | Create | Villager (Male) |
| 9:53 | Build | Palisade Gate |
| 10:00 | Build | Blacksmith |
| 10:21 | Create | Villager (Male) |
| 10:23 | Create | Archer |
| 10:33 | Create | Archer |
| 10:53 | Build | Palisade Wall |
| 10:58 | Build | Archery Range |
| 11:04 | Build | Palisade Wall |
| 11:06 | Create | Villager (Male) |
| 11:08 | Create | Archer |
| 11:29 | Build | House |
| 11:40 | Create | Archer |
| 11:52 | Build | Mill |
| 11:56 | Create | Archer |
| 12:33 | Build | Palisade Wall |
| 12:42 | Build | House |
| 12:49 | Create | Archer |
| 12:54 | Build | House |
| 13:05 | Create | Archer |
| 13:29 | Create | Villager (Male) |
| 13:31 | Create | Villager (Male) |
| 13:36 | Build | Market |
| 13:38 | Build | Palisade Gate |
| 13:46 | Build | House |
| 13:47 | Build | House |
| 13:50 | Research | Fletching |
| 14:24 | Create | Villager (Male) |
| 14:26 | Create | Archer |
| 14:52 | Research | Padded Archer Armor |
| 15:08 | Create | Archer |
| 15:08 | Create | Archer |
| 15:09 | Create | Archer |
| 15:31 | Create | Villager (Male) |
| 15:33 | Create | Archer |
| 15:42 | Create | Spearman |
| 16:06 | Create | Archer |
| 16:06 | Create | Archer |
| 16:10 | Build | Farm |
| 16:11 | Build | Farm |
| 16:11 | Build | Farm |
| 16:11 | Build | Farm |
| 16:11 | Build | Farm |
| 16:18 | Create | Villager (Male) |
| 16:19 | Create | Spearman |
| 16:36 | Create | Villager (Male) |
| 16:38 | Create | Archer |
| 16:48 | Build | Watch Tower |
| 17:04 | Build | Lumber Camp |
| 17:27 | Create | Villager (Male) |
| 17:34 | Create | Skirmisher |
| 17:36 | Create | Archer |
| 18:21 | Create | Archer |
| 18:21 | Create | Archer |
| 18:22 | Create | Archer |
| 18:35 | Build | House |
| 18:37 | Create | Villager (Male) |
| 18:39 | Build | Farm |
| 18:41 | Build | Farm |
| 18:42 | Build | Farm |
| 18:45 | Create | Archer |
| 18:54 | Build | Farm |
| 19:11 | Create | Villager (Male) |
| 19:11 | Create | Villager (Male) |
| 19:16 | Build | House |
| 19:27 | Create | Archer |
| 19:34 | Create | Skirmisher |
| 19:35 | Create | Skirmisher |
| 19:37 | Build | House |
| 19:53 | Build | House |
| 20:13 | Create | Archer |
| 20:13 | Create | Archer |
| 20:14 | Create | Archer |
| 20:21 | Create | Villager (Male) |
| 20:21 | Create | Villager (Male) |
| 20:24 | Build | House |
| 20:35 | Create | Archer |
| 21:17 | Create | Villager (Male) |
| 21:17 | Create | Villager (Male) |
| 21:19 | Create | Skirmisher |
| 21:19 | Create | Skirmisher |
| 21:21 | Build | Farm |
| 21:21 | Build | Farm |
| 21:21 | Build | Farm |
| 21:22 | Build | Farm |
| 21:22 | Build | Farm |
| 21:34 | Create | Villager (Male) |
| 21:42 | Create | Archer |
| 21:43 | Create | Archer |
| 21:43 | Create | Archer |
| 22:12 | Build | House |
| 22:13 | Build | House |
| 22:15 | Build | House |
| 22:17 | Build | House |
| 22:21 | Build | Farm |
| 22:41 | Create | Villager (Male) |
| 22:42 | Create | Villager (Male) |
| 22:55 | Create | Villager (Male) |
| 23:07 | Build | Farm |
| 23:11 | Build | Farm |
| 23:16 | Build | Farm |
| 23:21 | Build | Farm |
| 23:27 | Build | Farm |
| 23:30 | Build | Farm |
| 23:37 | Create | Archer |
| 23:37 | Create | Archer |
| 23:39 | Create | Spearman |
| 23:42 | Research | Arson |
| 23:48 | Build | Gate |
| 23:52 | Build | Stone Wall |
| 23:53 | Build | House |
| 23:58 | Build | Farm |
| 24:00 | Create | Villager (Male) |
| 24:27 | Build | Gate |
| 24:30 | Build | House |
| 24:30 | Build | House |
| 24:31 | Build | House |
Build order — GdR_KadirHan
First 150 of 373 actions detected
| 0:01 | Create | Villager (Male) |
| 0:01 | Create | Villager (Male) |
| 0:03 | Build | House |
| 0:04 | Build | House |
| 0:18 | Create | Villager (Male) |
| 0:18 | Create | Villager (Male) |
| 1:28 | Create | Villager (Male) |
| 2:03 | Create | Villager (Male) |
| 2:16 | Create | Villager (Male) |
| 2:36 | Build | Lumber Camp |
| 2:52 | Create | Villager (Male) |
| 2:52 | Create | Villager (Male) |
| 3:12 | Create | Villager (Male) |
| 3:47 | Build | House |
| 3:51 | Create | Villager (Male) |
| 3:51 | Create | Villager (Male) |
| 4:21 | Create | Villager (Male) |
| 4:35 | Build | House |
| 5:12 | Build | House |
| 5:14 | Create | Villager (Male) |
| 5:15 | Create | Villager (Male) |
| 5:38 | Build | House |
| 5:50 | Create | Villager (Male) |
| 6:23 | Build | Palisade Wall |
| 6:30 | Build | Palisade Wall |
| 6:33 | Create | Villager (Male) |
| 6:34 | Create | Villager (Male) |
| 6:55 | Build | Mill |
| 6:59 | Research | Loom |
| 7:11 | Build | Palisade Wall |
| 7:22 | Research | Feudal Age |
| 7:22 | Research | Feudal Age |
| 8:02 | Build | Mining Camp |
| 8:27 | Create | Villager (Male) |
| 8:54 | Build | Barracks |
| 9:58 | Age | Feudal Age |
| 10:01 | Create | Villager (Male) |
| 10:01 | Create | Villager (Male) |
| 10:01 | Create | Spearman |
| 10:02 | Create | Spearman |
| 10:07 | Build | Watch Tower |
| 10:10 | Create | Villager (Male) |
| 10:30 | Build | Archery Range |
| 11:08 | Build | House |
| 11:17 | Build | Archery Range |
| 11:21 | Create | Villager (Male) |
| 11:22 | Create | Villager (Male) |
| 11:27 | Create | Archer |
| 11:28 | Create | Archer |
| 11:28 | Create | Archer |
| 11:44 | Build | Palisade Wall |
| 11:48 | Build | Palisade Wall |
| 11:59 | Create | Archer |
| 12:03 | Create | Archer |
| 12:03 | Create | Archer |
| 12:07 | Create | Archer |
| 12:11 | Create | Villager (Male) |
| 12:36 | Build | Farm |
| 12:41 | Build | Farm |
| 12:45 | Create | Villager (Male) |
| 12:51 | Create | Archer |
| 13:04 | Build | House |
| 13:23 | Create | Villager (Male) |
| 13:23 | Create | Villager (Male) |
| 13:27 | Build | Farm |
| 13:30 | Create | Archer |
| 13:30 | Create | Archer |
| 13:34 | Create | Archer |
| 13:34 | Create | Archer |
| 13:43 | Build | House |
| 13:46 | Build | House |
| 13:55 | Build | Farm |
| 14:16 | Create | Villager (Male) |
| 14:17 | Create | Villager (Male) |
| 14:28 | Create | Archer |
| 14:30 | Create | Archer |
| 14:31 | Create | Archer |
| 14:33 | Create | Villager (Male) |
| 14:41 | Research | Double-Bit Axe |
| 14:45 | Build | House |
| 14:59 | Build | Farm |
| 15:26 | Build | Blacksmith |
| 15:36 | Create | Archer |
| 15:37 | Create | Archer |
| 15:37 | Create | Archer |
| 15:37 | Create | Archer |
| 15:48 | Create | Villager (Male) |
| 15:48 | Create | Villager (Male) |
| 15:49 | Create | Villager (Male) |
| 15:49 | Create | Villager (Male) |
| 15:51 | Build | Farm |
| 15:57 | Create | Villager (Male) |
| 16:04 | Build | House |
| 16:04 | Build | House |
| 16:05 | Build | House |
| 16:32 | Create | Archer |
| 16:33 | Create | Archer |
| 16:34 | Create | Archer |
| 16:34 | Create | Archer |
| 16:40 | Create | Villager (Male) |
| 16:40 | Create | Villager (Male) |
| 16:44 | Build | Farm |
| 16:44 | Build | Farm |
| 16:45 | Build | Farm |
| 16:45 | Build | Farm |
| 16:58 | Build | House |
| 17:13 | Build | Mining Camp |
| 18:24 | Create | Villager (Male) |
| 18:24 | Create | Villager (Male) |
| 18:25 | Create | Villager (Male) |
| 18:32 | Build | Market |
| 18:46 | Build | Farm |
| 18:47 | Build | Farm |
| 18:47 | Build | Farm |
| 18:50 | Build | Farm |
| 18:51 | Research | Horse Collar |
| 18:52 | Research | Horse Collar |
| 19:39 | Build | Stone Wall |
| 19:41 | Build | Stone Wall |
| 20:02 | Create | Villager (Male) |
| 20:03 | Create | Villager (Male) |
| 20:07 | Build | Farm |
| 20:08 | Build | Farm |
| 20:12 | Build | Lumber Camp |
| 21:00 | Create | Villager (Male) |
| 21:00 | Create | Villager (Male) |
| 21:11 | Build | Farm |
| 21:24 | Build | Farm |
| 21:48 | Research | Castle Age |
| 21:48 | Research | Castle Age |
| 22:54 | Research | Scale Mail Armor |
| 23:19 | Create | Archer |
| 23:19 | Create | Archer |
| 23:19 | Create | Archer |
| 23:20 | Create | Archer |
| 23:20 | Create | Archer |
| 23:20 | Create | Archer |
| 24:09 | Create | Archer |
| 24:09 | Create | Archer |
| 24:10 | Create | Archer |
| 24:23 | Create | Archer |
| 24:24 | Create | Villager (Male) |
| 24:25 | Create | Villager (Male) |
| 24:30 | Age | Castle Age |
| 24:44 | Research | Crossbowman (upgrade) |
| 25:09 | Build | Town Center |
| 25:11 | Create | Villager (Male) |
| 25:18 | Create | Villager (Male) |
| 25:18 | Create | Villager (Male) |
| 25:23 | Create | Archer |
Build order — GdR_GuVo
First 150 of 271 actions detected
| 0:00 | Create | Villager (Male) |
| 0:00 | Create | Villager (Male) |
| 0:05 | Build | House |
| 0:07 | Build | House |
| 0:34 | Create | Villager (Male) |
| 0:34 | Create | Villager (Male) |
| 0:35 | Create | Villager (Male) |
| 1:43 | Create | Villager (Male) |
| 1:44 | Create | Villager (Male) |
| 1:51 | Build | Lumber Camp |
| 2:04 | Create | Villager (Male) |
| 2:04 | Create | Villager (Male) |
| 2:23 | Create | Villager (Male) |
| 2:55 | Create | Villager (Male) |
| 2:56 | Create | Villager (Male) |
| 3:15 | Create | Villager (Male) |
| 3:16 | Create | Villager (Male) |
| 3:49 | Create | Villager (Male) |
| 3:57 | Build | House |
| 3:59 | Build | House |
| 4:07 | Create | Villager (Male) |
| 4:25 | Create | Villager (Male) |
| 4:26 | Create | Villager (Male) |
| 4:27 | Create | Villager (Male) |
| 5:02 | Build | Mill |
| 5:29 | Create | Villager (Male) |
| 5:29 | Create | Villager (Male) |
| 5:30 | Create | Villager (Male) |
| 5:30 | Create | Villager (Male) |
| 6:22 | Research | Loom |
| 7:16 | Research | Feudal Age |
| 8:24 | Build | Barracks |
| 8:32 | Build | House |
| 8:34 | Build | House |
| 9:26 | Age | Feudal Age |
| 9:26 | Research | Double-Bit Axe |
| 9:26 | Research | Double-Bit Axe |
| 9:32 | Build | Stable |
| 9:39 | Research | Horse Collar |
| 9:51 | Build | House |
| 9:52 | Build | House |
| 10:02 | Create | Villager (Male) |
| 10:02 | Create | Villager (Male) |
| 10:02 | Create | Villager (Male) |
| 10:07 | Build | Farm |
| 10:10 | Build | Farm |
| 10:22 | Create | Scout Cavalry |
| 10:30 | Build | Farm |
| 10:32 | Build | Farm |
| 10:39 | Build | Farm |
| 10:46 | Create | Villager (Male) |
| 11:10 | Create | Scout Cavalry |
| 11:13 | Build | Farm |
| 11:20 | Build | Farm |
| 11:24 | Create | Villager (Male) |
| 11:35 | Build | House |
| 11:37 | Build | House |
| 11:38 | Build | House |
| 11:49 | Create | Scout Cavalry |
| 11:50 | Create | Scout Cavalry |
| 11:54 | Build | Farm |
| 11:58 | Create | Villager (Male) |
| 12:18 | Build | Palisade Wall |
| 12:24 | Create | Scout Cavalry |
| 12:28 | Build | Farm |
| 12:49 | Create | Scout Cavalry |
| 13:00 | Create | Villager (Male) |
| 13:07 | Build | Palisade Wall |
| 13:45 | Create | Scout Cavalry |
| 13:54 | Build | Blacksmith |
| 13:57 | Build | Stable |
| 14:00 | Create | Villager (Male) |
| 14:01 | Create | Villager (Male) |
| 14:04 | Build | Farm |
| 14:11 | Build | Farm |
| 14:16 | Create | Scout Cavalry |
| 14:17 | Create | Scout Cavalry |
| 14:29 | Build | Farm |
| 15:28 | Build | House |
| 15:31 | Build | Palisade Wall |
| 15:35 | Build | Farm |
| 15:36 | Create | Villager (Male) |
| 15:37 | Create | Villager (Male) |
| 15:39 | Create | Scout Cavalry |
| 15:40 | Create | Scout Cavalry |
| 15:55 | Research | Scale Barding Armor |
| 16:10 | Build | Mining Camp |
| 16:39 | Build | Farm |
| 16:40 | Build | Farm |
| 16:45 | Create | Villager (Male) |
| 16:45 | Create | Villager (Male) |
| 17:15 | Create | Villager (Male) |
| 17:16 | Create | Villager (Male) |
| 18:20 | Create | Villager (Male) |
| 18:21 | Create | Villager (Male) |
| 18:24 | Research | Bloodlines |
| 18:45 | Build | Market |
| 18:51 | Create | Villager (Male) |
| 18:51 | Create | Villager (Male) |
| 18:57 | Build | Farm |
| 18:58 | Build | Farm |
| 19:00 | Build | Farm |
| 19:19 | Create | Villager (Male) |
| 19:19 | Create | Villager (Male) |
| 19:24 | Build | House |
| 19:44 | Build | Market |
| 19:50 | Create | Villager (Male) |
| 21:23 | Research | Castle Age |
| 22:07 | Build | Farm |
| 22:15 | Build | Palisade Gate |
| 22:22 | Research | Forging |
| 22:28 | Build | Stable |
| 22:29 | Build | Stable |
| 22:35 | Research | Gold Mining |
| 22:48 | Create | Villager (Male) |
| 22:49 | Create | Villager (Male) |
| 23:26 | Build | House |
| 24:03 | Build | Town Center |
| 24:03 | Age | Castle Age |
| 24:10 | Create | Knight ×5 |
| 24:23 | Research | Chain Barding Armor |
| 24:53 | Build | Town Center |
| 25:03 | Create | Knight ×3 |
| 25:09 | Create | Villager (Male) |
| 25:18 | Build | Farm |
| 25:30 | Create | Knight ×2 |
| 25:54 | Build | Farm |
| 25:55 | Create | Villager (Male) |
| 25:56 | Create | Villager (Male) |
| 25:56 | Create | Villager (Male) |
| 26:07 | Create | Knight |
| 26:38 | Create | Knight ×3 |
| 26:38 | Create | Knight ×3 |
| 26:50 | Create | Villager (Male) |
| 26:55 | Create | Villager (Male) |
| 27:05 | Build | Farm |
| 27:06 | Build | Farm |
| 27:28 | Create | Knight ×3 |
| 27:29 | Create | Knight ×3 |
| 27:34 | Build | Farm |
| 27:34 | Build | Farm |
| 27:37 | Build | Farm |
| 27:39 | Create | Villager (Male) |
| 28:19 | Create | Knight ×3 |
| 28:19 | Create | Knight |
| 29:01 | Create | Knight ×4 |
| 29:06 | Build | Farm |
| 29:18 | Create | Villager (Male) |
| 29:19 | Create | Villager (Male) |
| 29:35 | Create | Knight ×2 |
Build order — T&T
First 150 of 252 actions detected
| 0:00 | Create | Villager (Male) |
| 0:01 | Create | Villager (Male) |
| 0:01 | Create | Villager (Male) |
| 0:03 | Build | House |
| 0:05 | Build | House |
| 0:10 | Create | Villager (Male) |
| 0:34 | Build | Mill |
| 1:31 | Create | Villager (Male) |
| 2:00 | Create | Villager (Male) |
| 2:17 | Create | Villager (Male) |
| 2:45 | Create | Villager (Male) |
| 3:26 | Create | Villager (Male) |
| 3:26 | Create | Villager (Male) |
| 3:27 | Create | Villager (Male) |
| 3:58 | Build | House |
| 4:28 | Create | Villager (Male) |
| 5:06 | Create | Villager (Male) |
| 5:06 | Create | Villager (Male) |
| 5:34 | Create | Villager (Male) |
| 5:35 | Create | Villager (Male) |
| 5:52 | Build | Mill |
| 6:11 | Create | Villager (Male) |
| 6:17 | Research | Loom |
| 6:54 | Build | Mining Camp |
| 7:12 | Build | Lumber Camp |
| 7:25 | Create | Villager (Male) |
| 7:26 | Create | Villager (Male) |
| 7:38 | Create | Villager (Male) |
| 7:49 | Research | Feudal Age |
| 7:49 | Research | Feudal Age |
| 9:14 | Build | Barracks |
| 9:27 | Build | House |
| 9:37 | Create | Villager (Male) |
| 9:38 | Create | Villager (Male) |
| 10:00 | Build | House |
| 10:00 | Age | Feudal Age |
| 10:25 | Build | Archery Range |
| 10:28 | Create | Villager (Male) |
| 10:28 | Create | Villager (Male) |
| 10:55 | Build | Mining Camp |
| 11:21 | Create | Spearman |
| 11:21 | Create | Spearman |
| 11:24 | Create | Villager (Male) |
| 11:24 | Create | Villager (Male) |
| 11:34 | Create | Archer |
| 11:55 | Create | Archer |
| 11:56 | Create | Archer |
| 12:14 | Build | Farm |
| 12:24 | Build | Farm |
| 12:27 | Research | Double-Bit Axe |
| 12:30 | Create | Villager (Male) |
| 12:30 | Create | Villager (Male) |
| 12:30 | Create | Villager (Male) |
| 12:30 | Create | Villager (Male) |
| 12:31 | Create | Villager (Male) |
| 12:40 | Create | Archer |
| 12:40 | Create | Archer |
| 12:48 | Build | House |
| 13:12 | Build | Palisade Wall |
| 13:22 | Build | Palisade Wall |
| 13:28 | Build | House |
| 13:30 | Create | Villager (Male) |
| 13:36 | Research | Horse Collar |
| 13:36 | Research | Horse Collar |
| 13:41 | Build | Farm |
| 13:45 | Create | Archer |
| 14:03 | Build | Palisade Wall |
| 14:15 | Create | Archer |
| 14:18 | Build | Farm |
| 14:18 | Create | Villager (Male) |
| 14:27 | Create | Villager (Male) |
| 14:27 | Create | Villager (Male) |
| 14:29 | Build | House |
| 14:33 | Create | Archer |
| 14:50 | Build | Farm |
| 15:27 | Build | Blacksmith |
| 15:28 | Build | House |
| 15:30 | Create | Villager (Male) |
| 15:31 | Create | Villager (Male) |
| 15:34 | Create | Archer |
| 15:35 | Create | Archer |
| 15:35 | Create | Archer |
| 15:48 | Build | Palisade Wall |
| 15:55 | Build | Farm |
| 16:37 | Build | Watch Tower |
| 16:45 | Build | Market |
| 16:50 | Create | Archer |
| 17:36 | Create | Archer |
| 18:00 | Create | Archer |
| 18:01 | Create | Archer |
| 18:01 | Create | Archer |
| 18:40 | Create | Archer |
| 19:30 | Create | Villager (Male) |
| 19:30 | Create | Villager (Male) |
| 19:30 | Create | Villager (Male) |
| 20:26 | Build | Watch Tower |
| 20:35 | Create | Archer |
| 20:36 | Create | Archer |
| 20:36 | Create | Archer |
| 20:36 | Create | Archer |
| 21:03 | Build | House |
| 21:03 | Build | House |
| 21:13 | Create | Archer |
| 21:13 | Create | Archer |
| 21:14 | Create | Archer |
| 21:20 | Create | Villager (Male) |
| 21:20 | Create | Villager (Male) |
| 21:20 | Create | Villager (Male) |
| 21:20 | Create | Villager (Male) |
| 21:39 | Build | Archery Range |
| 22:04 | Build | Farm |
| 22:04 | Create | Villager (Male) |
| 22:05 | Create | Villager (Male) |
| 22:11 | Create | Archer |
| 22:11 | Create | Archer |
| 22:11 | Create | Archer |
| 22:18 | Research | Fletching |
| 22:18 | Research | Fletching |
| 22:19 | Research | Padded Archer Armor |
| 22:19 | Research | Padded Archer Armor |
| 22:34 | Create | Spearman |
| 22:34 | Create | Spearman |
| 22:34 | Create | Spearman |
| 22:39 | Build | Farm |
| 22:51 | Build | Farm |
| 23:20 | Build | Farm |
| 24:11 | Build | Farm |
| 24:13 | Build | Farm |
| 24:14 | Create | Villager (Male) |
| 24:14 | Create | Villager (Male) |
| 24:19 | Build | Farm |
| 24:20 | Build | Farm |
| 24:53 | Create | Archer |
| 25:01 | Research | Castle Age |
| 25:27 | Build | House |
| 25:28 | Build | House |
| 25:29 | Build | House |
| 25:34 | Build | House |
| 25:43 | Build | Lumber Camp |
| 25:52 | Create | Archer |
| 25:52 | Create | Archer |
| 25:52 | Create | Archer |
| 25:52 | Create | Archer |
| 25:53 | Create | Archer |
| 25:53 | Create | Archer |
| 26:03 | Create | Villager (Male) |
| 26:03 | Create | Villager (Male) |
| 26:52 | Build | Mining Camp |
| 26:56 | Create | Villager (Male) |
| 26:56 | Create | Villager (Male) |
Match timeline
| 6:23 | GdR_KadirHan · wall_segment Palisade Wall x1 |
| 6:30 | GdR_KadirHan · wall_segment Palisade Wall x1 |
| 7:11 | GdR_KadirHan · wall_segment Palisade Wall x5 |
| 7:29 | GdR_HaLo · first_building Barracks |
| 7:35 | GdR_Zasha · wall_segment Palisade Wall x5 |
| 7:37 | GdR_HaLo · wall_segment Palisade Wall x5 |
| 7:38 | GdR_Zasha · wall_segment Palisade Wall x19 |
| 7:39 | GdR_HaLo · wall_segment Palisade Wall x4 |
| 7:49 | GdR_Zasha · wall_segment Palisade Wall x1 |
| 7:52 | GdR_Zasha · wall_segment Palisade Wall x1 |
| 7:57 | AKINCILAR · first_building Barracks |
| 7:57 | GdR_HaLo · wall_segment Palisade Wall x2 |
| 8:21 | Ohan · first_building Barracks |
| 8:22 | GdR_Bozadam · first_building Barracks |
| 8:24 | GdR_GuVo · first_building Barracks |
| 8:26 | GdR_Zasha · first_building Barracks |
| 8:27 | AKINCILAR · wall_segment Palisade Wall x9 |
| 8:44 | GdR_Bozadam · wall_segment Palisade Wall x8 |
| 8:47 | Ohan · wall_segment Palisade Wall x4 |
| 8:54 | GdR_KadirHan · first_building Barracks |
| 8:56 | GdR_HaLo · age_up feudal |
| 9:04 | GdR_HaLo · first_building Stable |
| 9:06 | GdR_Zasha · wall_segment Palisade Wall x7 |
| 9:14 | T&T · first_building Barracks |
| 9:17 | AKINCILAR · age_up feudal |
| 9:17 | GdR_Zasha · wall_segment Palisade Wall x1 |
| 9:20 | AKINCILAR · first_building Archery Range |
| 9:21 | GdR_HaLo · wall_segment Palisade Wall x1 |
| 9:26 | GdR_GuVo · age_up feudal |
| 9:26 | GdR_Bozadam · age_up feudal |
| 9:32 | GdR_GuVo · first_building Stable |
| 9:34 | GdR_Zasha · wall_segment Palisade Wall x8 |
| 9:44 | GdR_Bozadam · first_building Stable |
| 9:48 | GdR_Zasha · age_up feudal |
| 9:52 | GdR_Zasha · first_building Archery Range |
| 9:57 | GdR_Bozadam · wall_segment Palisade Wall x17 |
| 9:58 | GdR_KadirHan · age_up feudal |
| 10:00 | T&T · age_up feudal |
| 10:13 | Ohan · age_up feudal |
| 10:17 | Ohan · first_building Stable |
| 10:25 | T&T · first_building Archery Range |
| 10:27 | GdR_Zasha · wall_segment Palisade Wall x5 |
| 10:30 | GdR_KadirHan · first_building Archery Range |
| 10:34 | GdR_Zasha · wall_segment Palisade Wall x11 |
| 10:44 | Ohan · wall_segment Palisade Wall x9 |
| 10:53 | AKINCILAR · wall_segment Palisade Wall x1 |
| 11:04 | AKINCILAR · wall_segment Palisade Wall x12 |
| 11:16 | GdR_Zasha · wall_segment Palisade Wall x1 |
| 11:19 | GdR_Bozadam · wall_segment Palisade Wall x8 |
| 11:44 | GdR_KadirHan · wall_segment Palisade Wall x5 |
| 11:46 | GdR_HaLo · wall_segment Palisade Wall x12 |
| 11:48 | GdR_KadirHan · wall_segment Palisade Wall x9 |
| 12:12 | GdR_Zasha · wall_segment Palisade Wall x16 |
| 12:17 | Ohan · wall_segment Palisade Wall x8 |
| 12:18 | GdR_GuVo · wall_segment Palisade Wall x10 |
| 12:30 | GdR_HaLo · wall_segment Palisade Wall x10 |
| 12:33 | AKINCILAR · wall_segment Palisade Wall x13 |
| 13:07 | GdR_Bozadam · wall_segment Palisade Wall x1 |
| 13:07 | GdR_GuVo · wall_segment Palisade Wall x8 |
| 13:12 | T&T · wall_segment Palisade Wall x1 |
| 13:19 | GdR_Bozadam · wall_segment Palisade Wall x8 |
| 13:22 | T&T · wall_segment Palisade Wall x1 |
| 13:30 | GdR_HaLo · wall_segment Palisade Wall x1 |
| 13:50 | Ohan · wall_segment Palisade Wall x11 |
| 14:03 | T&T · wall_segment Palisade Wall x1 |
| 15:11 | Ohan · wall_segment Palisade Wall x6 |
| 15:31 | GdR_GuVo · wall_segment Palisade Wall x12 |
| 15:37 | GdR_HaLo · wall_segment Palisade Wall x1 |
| 15:48 | GdR_HaLo · first_building Archery Range |
| 15:48 | T&T · wall_segment Palisade Wall x11 |
| 17:00 | AKINCILAR · first_market_buy 100 wood |
| 19:10 | AKINCILAR · first_market_sell 100 wood |
| 19:23 | GdR_HaLo · age_up castle |
| 19:39 | GdR_KadirHan · wall_segment Stone Wall x6 |
| 19:41 | GdR_KadirHan · wall_segment Stone Wall x11 |
| 20:19 | T&T · first_market_sell 100 food |
| 20:20 | T&T · first_market_buy 100 stone |
| 21:15 | GdR_KadirHan · first_market_sell 100 wood |
| 21:16 | GdR_KadirHan · first_market_buy 100 food |
| 22:24 | GdR_Bozadam · age_up castle |
| 23:06 | GdR_Zasha · first_building Stable |
| 23:52 | AKINCILAR · wall_segment Stone Wall x1 |
| 23:59 | Ohan · wall_segment Palisade Wall x1 |
| 24:03 | GdR_GuVo · age_up castle |
| 24:04 | GdR_HaLo · first_market_sell 100 wood |
| 24:15 | GdR_Zasha · age_up castle |
| 24:30 | GdR_KadirHan · age_up castle |
| 25:34 | GdR_KadirHan · first_building Castle |
| 26:40 | GdR_HaLo · first_market_buy 100 stone |
| 27:00 | Ohan · age_up castle |
| 27:41 | T&T · age_up castle |
| 27:50 | T&T · first_building Siege Workshop |
| 28:01 | AKINCILAR · age_up castle |
| 29:15 | Ohan · first_market_sell 100 wood |
| 29:16 | Ohan · first_market_buy 100 stone |
| 31:34 | T&T · first_building Castle |
| 32:09 | GdR_HaLo · first_building Castle |
| 33:22 | GdR_Zasha · first_building Monastery |
| 35:48 | GdR_Bozadam · first_market_sell 100 wood |
| 36:15 | AKINCILAR · wall_segment Palisade Wall x1 |
| 36:16 | GdR_Bozadam · first_building Monastery |
| 36:17 | AKINCILAR · wall_segment Palisade Wall x1 |
| 37:05 | GdR_Zasha · first_building Castle |
| 37:11 | AKINCILAR · wall_segment Palisade Wall x2 |
| 37:40 | GdR_GuVo · first_market_sell 100 food |
| 38:21 | GdR_KadirHan · age_up imperial |
| 38:42 | Ohan · tribute_sent a jugador 1 |
| 38:42 | Ohan · tribute_sent a jugador 2 |
| 38:42 | Ohan · tribute_sent a jugador 3 |
| 38:42 | Ohan · tribute_sent a jugador 5 |
| 38:42 | Ohan · tribute_sent a jugador 6 |
| 38:42 | Ohan · tribute_sent a jugador 7 |
| 38:42 | Ohan · tribute_sent a jugador 8 |
| 39:34 | GdR_HaLo · age_up imperial |
| 40:19 | GdR_Bozadam · first_building Castle |
| 40:29 | T&T · first_building Stable |
| 40:36 | GdR_Bozadam · age_up imperial |
| 41:35 | T&T · age_up imperial |
| 41:35 | Ohan · tribute_sent a jugador 1 |
| 41:35 | Ohan · tribute_sent a jugador 2 |
| 41:35 | Ohan · tribute_sent a jugador 3 |
| 41:35 | Ohan · tribute_sent a jugador 5 |
| 41:35 | Ohan · tribute_sent a jugador 6 |
| 41:35 | Ohan · tribute_sent a jugador 7 |
| 41:35 | Ohan · tribute_sent a jugador 8 |
| 41:44 | Ohan · tribute_sent a jugador 1 |
| 41:44 | Ohan · tribute_sent a jugador 2 |
| 41:44 | Ohan · tribute_sent a jugador 3 |
| 41:44 | Ohan · tribute_sent a jugador 5 |
| 41:44 | Ohan · tribute_sent a jugador 6 |
| 41:44 | Ohan · tribute_sent a jugador 7 |
| 41:44 | Ohan · tribute_sent a jugador 8 |
| 41:53 | GdR_Zasha · age_up imperial |
| 42:06 | GdR_Zasha · first_market_sell 100 food |
| 42:06 | AKINCILAR · first_building Castle |
| 44:23 | T&T · resign |
| 44:42 | Ohan · first_building Siege Workshop |
[ AI ANALYSIS · 1 CREDIT ]
What really happened in this match?
Wolo.gg analyzes every decision: build order, eco, micro, common mistakes by bracket. Personalized analysis on WhatsApp or Discord in 30 seconds.
Civ guide
Burmese
Perfil
Jugador #1409412